 Dungeon Crawl Stone Soup version 0.32-a0-422-g28b100f618 (webtiles) character file.

Game seed: 16480743065727756289

256316 croobank the Convoker (level 19, -2/170 HPs)
             Began as a Demonspawn Ice Elementalist on Feb 20, 2024.
             Was an Initiate of Gozag.
             Shot with a bolt by a yaktaur captain (12 damage)
             ... on level 1 of the Vaults on Feb 21, 2024.
             The game lasted 03:55:26 (58681 turns).

croobank the Convoker (DsIE)                       Turns: 58681, Time: 03:55:27

Health: -2/170     AC: 22    Str: 12    XL:     19   Next: 7%
Magic:  21/37      EV: 22    Int: 29    God:    Gozag
Gold:   7819       SH:  0    Dex: 15    Spells: 1/46 levels left

rFire   . . .        W - +10 morningstar "Eos" {elec, Halo rElec}
rCold   . . .        (no shield)
rNeg    . . .        m - +1 ring mail "Gygyun" {Int+7}
rPois   .            Y - +2 hat
rElec   +            (cloak unavailable)
rCorr   .            I - +1 pair of gloves
SInv    .            X - +2 pair of boots {Fly}
Will    +++..        (no amulet)
Stlth   ++           y - ring "Ybbiolua" {Will+ Str+3}
HPRegen 0.48/turn    T - ring of willpower
MPRegen 0.25/turn

%: no passive effects
@: agile, forested, sanguine armoured, flying, glowing
A: powered by pain 2, robust 2, spiny 2, sanguine armour 2, weakness stinger 3
}: 2/15 runes: barnacled, gossamer
a: Renounce Religion, Potion Petition, Call Merchant, Bribe Branch


You were on level 1 of the Vaults.
You worshipped Gozag.
Gozag was greatly pleased with you.
You visited 7 branches of the dungeon, and saw 32 of its levels.
You also visited: Bailey.

You collected 12928 gold pieces.
You spent 1492 gold pieces at shops.
You paid 3617 gold pieces to Gozag.

Inventory:

Hand Weapons
 a - the +7 dagger of Welfare {flame, rC+ rN+ Str-2}
   (You found it on level 2 of the Dungeon)

   Str-2:     It affects your strength (-2).
   rC+:       It protects you from cold.
   rN+:       It protects you from negative energy.
 b - a +7 arbalest of freezing
 Q - a +9 quick blade of flaming
 W - the +10 morningstar "Eos" (weapon) {elec, Halo rElec}
   (You found it on level 14 of the Dungeon)

   Halo:      It grants its wielder a halo, revealing invisible creatures and
   increasing accuracy against all within it other than the wielder.
   rElec:     It insulates you from electricity.
Missiles
 p - 11 curare-tipped darts
 r - 9 javelins
 A - 9 atropa-tipped darts
Armour
 m - the +1 ring mail "Gygyun" (worn) {Int+7}
   (You bought it in a shop on level 10 of the Dungeon)

   Int+7:     It affects your intelligence (+7).
 I - a +1 pair of gloves (worn)
 X - a +2 pair of boots of flying (worn)
 Y - a +2 hat (worn)
Magical Staves
 q - a staff of alchemy
Jewellery
 f - an amulet of the acrobat
 h - a ring of protection from fire
 i - a ring of resist corrosion
 l - a ring of wizardry
 n - a ring of flight
 t - a ring of protection from cold
 w - a +6 ring of dexterity
 y - the ring "Ybbiolua" (left hand) {Will+ Str+3}
   (You acquired it on level 15 of the Dungeon)

   [ring of willpower]

   Str+3:     It affects your strength (+3).
   Will+:     It increases your willpower.
 J - a ring of protection from fire
 S - a +5 ring of evasion
 T - a ring of willpower (right hand)
 U - a +6 ring of intelligence
Wands
 C - a wand of acid (7)
 F - a wand of iceblast (28)
 L - a wand of charming (11)
 N - a wand of flame (20)
 O - a wand of digging (4)
 V - a wand of mindburst (16)
Scrolls
 c - 2 scrolls of noise
 e - a scroll of fear
 g - 4 scrolls of poison
 s - 2 scrolls of blinking
 v - 5 scrolls of teleportation
 P - 6 scrolls of vulnerability
 R - 4 scrolls of immolation
 Z - 4 scrolls of revelation
Potions
 d - 5 potions of enlightenment
 k - 2 potions of attraction
 o - 2 potions of lignification
 u - a potion of resistance
 B - 14 potions of curing
 D - 3 potions of brilliance
 G - 10 potions of ambrosia
 H - a potion of cancellation
 K - 3 potions of haste
 M - 4 potions of mutation
Miscellaneous
 j - a lightning rod (4/4)
 x - a phantom mirror
 E - a condenser vane


   Skills:
 - Level 10.8 Fighting
 - Level 9.0 Short Blades
 + Level 4.6 Maces & Flails
 - Level 5.0 Throwing
 + Level 14.2 Dodging
 - Level 10.0 Stealth
 - Level 14.0 Spellcasting
 - Level 5.0 Conjurations
 - Level 16.0 Summonings
 - Level 9.3 Translocations
 - Level 5.0 Fire Magic
 + Level 12.2 Ice Magic
 + Level 4.7 Air Magic


You had one spell level left.
You knew the following spells:

 Your Spells              Type           Power      Damage    Failure   Level
a - Freeze                Ice            100%       1d10      1%          1
b - Frozen Ramparts       Ice            100%       1d16      1%          3
c - Ozocubu's Armour      Ice            74%        N/A       1%          3
d - Scorch                Fire           98%        2d9       1%          2
e - Summon Ice Beast      Ice/Summ       80%        N/A       1%          3
f - Iskenderun's Mystic   Conj/Tloc      58%        2d12      3%          4
g - Summon Forest         Summ/Tloc      38%        N/A       1%          5
h - Summon Cactus Giant   Summ           42%        N/A       1%          6
i - Summon Hydra          Summ           42%        N/A       7%          7
B - Blink                 Tloc           100%       N/A       1%          2
F - Freezing Cloud        Conj/Ice/Air   29%        6-21      8%          5
M - Martyr's Knell        Necr/Summ      61%        N/A       1%          4

Your spell library contained the following spells:

 Spells                   Type           Power      Damage    Failure   Level
 Summon Small Mammal      Summ           100%       N/A       0%          1
 Apportation              Tloc           100%       N/A       1%          1
 Sting                    Conj/Alch      100%       1d9       1%          1
 Necrotise                Necr           80%        1d8       5%          1
 Sandblast                Erth           40%        2d10      5%          1
 Lesser Beckoning         Tloc           100%       N/A       1%          2
 Momentum Strike          Conj/Tloc      100%       3d10      1%          2
 Gell's Gravitas          Tloc           65%        N/A       1%          3
 Hailstorm                Conj/Ice       63%        3d12      1%          3
 Teleport Other           Tloc           65%        N/A       1%          3
 Volatile Blastmotes      Fire/Tloc      100%       2d18      1%          3
 Vhi's Electric Charge    Tloc/Air       100%       N/A       3%          4
 Cigotuvi's Dreadful Rot  Necr/Alch/Air  58%        N/A       4%          2
 Stone Arrow              Conj/Erth      68%        3d11      6%          3
 Flame Wave               Conj/Fire      49%        2d12      7%          4
 Jinxbite                 Hex            40%        N/A       9%          2
 Metabolic Englaciation   Hex/Ice        26%        N/A       13%         5
 Passwall                 Erth           20%        N/A       17%         3
 Vampiric Draining        Necr           20%        2d7       17%         3
 Brom's Barrelling Bould  Conj/Erth      34%        2d5       21%         4
 Fulminant Prism          Conj/Alch      17%        3d10      21%         4
 Ignite Poison            Fire/Alch      34%        N/A       21%         4
 Iskenderun's Battlesphe  Conj           49%        2d10      21%         5
 Arcjolt                  Conj/Air       24%        1d34      22%         5
 Malign Gateway           Summ/Tloc      38%        N/A       26%         7
 Spellforged Servitor     Conj/Summ      34%        N/A       54%         7
 Sculpt Simulacrum        Ice/Alch       26%        N/A       56%         6
 Plasma Beam              Fire/Air       24%        2x1d36    75%         6
 Alistair's Intoxication  Alch           13%        N/A       83%         5
 Borgnjor's Vile Clutch   Necr/Erth      10%        N/A       83%         5
 Curse of Agony           Necr           20%        N/A       83%         5
 Yara's Violent Unravell  Hex/Alch       10%        3d6       83%         5
 Bombard                  Conj/Erth      17%        9d3       97%         6
 Eringya's Noxious Bog    Alch           10%        4d6       100%        6
 Enfeeble                 Hex            10%        N/A       100%        7
 Maxwell's Capacitive Co  Air            23%        ∞         100%        8
 Chain Lightning          Conj/Air       24%        3d32      100%        9
 Fire Storm               Conj/Fire      24%        8d6       100%        9
 Shatter                  Erth           10%        3d11*     100%        9


Dungeon Overview and Level Annotations

Branches:
Dungeon (15/15)            Temple (1/1) D:7            Lair (5/5) D:11
 Shoals (4/4) Lair:2       Spider (4/4) Lair:3        Slime (0/5) Lair:5
    Orc (2/2) D:10            Elf (0/3) Orc:2        Vaults (1/5) D:14
 Depths (0/4) D:15         Bailey (visited)

Altars:
Ashenzari
Cheibriados
Dithmenos
Fedhas
Gozag
Hepliaklqana
Kikubaaqudgha
Makhleb
Nemelex Xobeh
Okawaru
Qazlal
Ru
Sif Muna
Trog
Uskayaw
Vehumet
Wu Jian
Xom
Yredelemnul
Jiyva
Lugonu

Shops:
D:2 *   D:10 *   D:13 !   Orc:2 [:(*   Lair:2 **   Shoals:1 *   Shoals:3 (
Shoals:4 (

Portals:
Abyss: Shoals:2
Trove: D:13 (give +3 gold dragon scales)

Annotations:
D:10 2 runed translucent doors, audacious124's ghost, novice MiFi
D:13 1 transporter
Lair:3 2 transporters, ezpacito's ghost, journeyman DsCK
Shoals:2 1 runed translucent door


Innate Abilities, Weirdness & Mutations

You sometimes gain power by taking damage.
You are very robust. (+20% HP)
You are mostly covered in sharp spines.
When seriously injured, your blood forms thick armour. (AC +9)
You have a sharp stinger which inflicts weakening toxins.


Message History

Your four-headed hydra seems to slow down.
The bolt freezes your four-headed hydra.
The yaktaur captain shoots a bolt.
The bolt hits your four-headed hydra!!
Your four-headed hydra seems to slow down.
The bolt freezes your four-headed hydra!
Your four-headed hydra bites the yaktaur captain! x2
Your four-headed hydra bites the yaktaur captain!!
Your four-headed hydra barely misses the yaktaur captain.
The yaktaur captain shoots a bolt.
The bolt hits your four-headed hydra!!!
Your four-headed hydra seems to slow down.
The bolt freezes your four-headed hydra!
Your four-headed hydra dies!
Your four-headed hydra's corpse disappears in a puff of smoke!
The yaktaur captain unwields a +2 hand cannon of freezing.
The yaktaur captain hits your four-headed hydra!
Your four-headed hydra is no longer moving slowly.
Your four-headed hydra disappears in a puff of smoke!
The yaktaur captain wields a +2 hand cannon of freezing.
It is covered in frost.
The yaktaur captain shoots a bolt.
The bolt barely misses you.
Casting: Summon Hydra (dangerous; 7% risk of failure)
Confirm with . or Enter, or press ? or * to list all spells.
Aiming: Freezing Cloud (dangerous; 8% risk of failure)
Press: ? - help, Dir - move target The yaktaur captain shoots a bolt.
The bolt hits you!!
* * * LOW HITPOINT WARNING * * *
You focus on the pain.
You feel more agile all of a sudden. The bolt freezes you!
* * * LOW HITPOINT WARNING * * *
Okay, then. [a] - 120 gold - heal wounds [b] - 322 gold - resistance and might [c] - 338 gold - heal wounds, might and brilliance Purchase which effect?
You feel much better.
The yaktaur captain shoots a bolt.
The bolt hits you!!
* * * LOW HITPOINT WARNING * * *
The bolt freezes you!
You die...
Your body crumbles into a pile of gold.

#.......♣ #.......♣
#.......# #~~~~~~.#♣
...♣~....♣ ....~.#..#
..§.~....###♣#########
♣c§§§§.@'..♣#...#...#
..§§§§...♣...#...#...#
..##♣#♣♣##..♣#...##.(#
#'♣♣....∩##'#
#...[.#.....#
#....###....#
#.....#.....# #
#'#♣.....##'# ##
#..##...##..###.


You could see a yaktaur captain.

Vanquished Creatures
  Mara (Shoals:4)
  Agnes (D:15)
  Ilsuiw (Shoals:3)
  A vault warden (Vaults:1)
  3 emperor scorpions
  3 ghost moths
  An orc warlord (Orc:1)
  A broodmother (Spider:3)
  A spark wasp (Spider:4)
  Josephine (Lair:5)
  3 merfolk javelineers (Shoals:3)
  2 entropy weavers
  2 merfolk impalers (Shoals:4)
  A merfolk avatar (Shoals:4)
  9 hydras
  5 centaur warriors
  2 catoblepae
  A death knight (D:13)
  An ogre mage (D:15)
  5 death yaks
  4 boulder beetles
  10 two-headed ogres
  2 demonic crawlers
  4 orc high priests
  Nergalle (D:12)
  5 skeletal warriors
  A skyshark (shapeshifter) (D:15)
  A goliath frog (Lair:5)
  3 skysharks
  4 sea snakes
  4 orb spiders
  An arcanist (D:13)
  2 deep elf pyromancers (D:15)
  3 lindwurms (Lair:5)
  10 harpies
  5 orc sorcerers
  8 ugly things
  3 orc knights
  8 wolf spiders
  A manticore (D:11)
  2 cyclopes
  A faun (Shoals:1)
  A moth of wrath (Spider:4)
  A salamander (D:15)
  A meliai (Spider:4)
  3 elephants (Lair:5)
  2 merfolk sirens
  A black mamba (Lair:1)
  3 kobold blastminers
  28 cane toads
  An apocalypse crab (Shoals:2)
  2 gargoyles
  2 torpor snails (Spider:3)
  A freezing wraith (D:13)
  A kobold demonologist (D:12)
  5 rime drakes (Lair:4)
  An efreet (D:13)
  14 komodo dragons
  3 polar bears
  A tyrant leech (Lair:5)
  6 trolls
  2 hornets
  4 tarantellas
  4 merfolk
  38 blink frogs
  6 dream sheep
  9 slime creatures
  10 jumping spiders
  3 shadows
  14 culicivoras
  Sigmund (D:4)
  13 wyverns
  A vampire (D:12)
  3 water elementals
  7 wraiths
  6 basilisks
  4 wargs (Orc:1)
  42 yaks
  2 steam dragons (D:8)
  6 vampire mosquitoes
  14 redbacks
  Menkaure (D:4)
  Edmund (D:4)
  An acid dragon (D:11)
  20 water moccasins
  12 nameless horrors
  2 black bears
  2 sky beasts
  An ice beast (D:6)
  30 orc warriors
  6 ogres
  7 wolves
  8 centaurs
  2 phantoms (D:5)
  8 kobold brigands
  A gnoll sergeant (D:8)
  7 scorpions
  16 bullfrogs
  7 wights
  9 killer bees (D:10)
  3 electric eels
  11 howler monkeys
  4 crimson imps (D:8)
  3 bombardier beetles
  2 jellies (D:7)
  2 hounds
  A gnoll bouda (D:10)
  16 orc priests
  25 orc wizards
  9 hell rats (Lair:4)
  13 gnolls
  15 adders
  16 white imps
  2 ufetubi (D:7)
  3 ribbon worms
  2 dart slugs
  80 orcs
  4 bats
  8 endoplasms
  A giant cockroach (D:1)
  9 goblins
  7 hobgoblins
  25 kobolds
  5 quokkas
  8 ball pythons
  5 frilled lizards
  A rat (D:2)
815 creatures vanquished.

Vanquished Creatures (collateral kills)
  Bai Suzhen (Shoals:3)
  Arachne (Spider:4)
  Jorgrun (Shoals:2)
  Polyphemus (Shoals:3)
  4 emperor scorpions
  4 ghost moths
  3 broodmothers
  An ironbound preserver (Vaults:1)
  A formless jellyfish (Shoals:4)
  An ironbound thunderhulk (Vaults:1)
  5 spark wasps
  2 merfolk javelineers (Shoals:3)
  8 merfolk impalers
  2 vault guards
  2 entropy weavers
  3 radroaches
  A catoblepas (Shoals:3)
  An alligator snapping turtle (Shoals:4)
  2 jorogumos
  4 merfolk aquamancers
  3 centaur warriors (Vaults:1)
  A two-headed ogre (D:15)
  A tengu warrior (D:15)
  3 death yaks (Shoals:3)
  2 boulder beetles
  8 demonic crawlers
  An orc high priest (Vaults:1)
  6 pharaoh ants
  3 deep trolls (Vaults:1)
  2 sun moths
  12 sea snakes
  15 orb spiders
  2 ironbound convokers (Vaults:1)
  A kraken simulacrum (Shoals:4)
  6 harpies
  4 steelbarb worms
  6 ugly things
  An orc knight (Bailey)
  5 fauns
  A cyclops (Shoals:3)
  25 wolf spiders
  11 manticores
  4 moths of wrath
  5 merfolk sirens
  A meliai (shapeshifter) (D:15)
  5 meliai (Spider:4)
  3 water nymphs
  9 torpor snails
  3 nameless horrors
  A yaktaur (Vaults:1)
  3 tengu conjurers
  5 wind drakes
  27 merfolk
  34 tarantellas
  2 snapping turtles
  4 dream sheep
  30 jumping spiders
  21 culicivoras
  9 water elementals
  2 basilisks
  A vampire (D:12)
  56 redbacks
  A hell hound (Lair:4)
  A laughing skull (D:14)
  A gnoll sergeant (D:9)
  3 gnolls (D:9)
  An orc (D:9)
  A butterfly (Lair:4)
  A tentacle (Shoals:4)
401 creatures vanquished.

Vanquished Creatures (others)
  A nameless horror (Spider:3)
  An orb spider (Spider:2)
  A freezing wraith (D:13)
  A jumping spider (Spider:2)
  12 snaplasher vines
  3 tentacles (Shoals:4)
19 creatures vanquished.

Grand Total: 1235 creatures vanquished

Notes
Turn   | Place    | Note
-------+----------+-------------------------------------------
     0 | D:1      | croobank the Demonspawn Ice Elementalist began the quest
                  | for the Orb.
     0 | D:1      | Reached XP level 1. HP: 13/13 MP: 3/3
   136 | D:1      | Gained mutation: When seriously injured, your blood forms
                  | armour. (AC +9) [demonic ancestry]
   136 | D:1      | Reached XP level 2. HP: 17/19 MP: 3/5
   336 | D:1      | Gained mutation: You have a small tail. [demonic ancestry]
   336 | D:1      | Reached XP level 3. HP: 22/24 MP: 6/6
   341 | D:1      | Learned a level 3 spell: Frozen Ramparts
  1099 | D:2      | Found Xahic's General Store.
  1262 | D:2      | Gained mutation: You have a tail ending in a sharp stinger.
                  | [demonic ancestry]
  1262 | D:2      | Reached XP level 4. HP: 30/30 MP: 3/7
  1321 | D:2      | Learned a level 3 spell: Ozocubu's Armour
  1436 | D:2      | Found a snail-covered altar of Cheibriados.
  2048 | D:2      | Identified the +7 dagger of Welfare {flame, rC+ rN+ Str-2}
  2812 | D:3      | Found a burning altar of Makhleb.
  2812 | D:3      | Found a shimmering blue altar of Sif Muna.
  2813 | D:3      | You fall into a shaft and drop 2 floors!
  2813 | D:5      | Entered Level 5 of the Dungeon
  2877 | D:5      | Noticed a water moccasin
  2878 | D:5      | Noticed a phantom
  2887 | D:4      | Noticed a black bear
  2892 | D:5      | Gained mutation: You have a sharp stinger which inflicts
                  | weakening toxins. [demonic ancestry]
  2892 | D:5      | Reached XP level 5. HP: 23/36 MP: 5/9
  2897 | D:5      | Killed a water moccasin
  2898 | D:5      | Reached skill level 1 in Fighting
  2913 | D:5      | Killed a phantom
  2914 | D:5      | Reached XP level 6. HP: 19/44 MP: 0/10
  3215 | D:5      | Gained mutation: You are partially covered in sharp spines.
                  | [demonic ancestry]
  3215 | D:5      | Reached XP level 7. HP: 51/51 MP: 3/12
  3944 | D:3      | Reached skill level 5 in Ice Magic
  4921 | D:4      | Noticed Menkaure
  4969 | D:4      | Killed Menkaure
  5044 | D:4      | Noticed Sigmund
  5046 | D:4      | Killed Sigmund
  5047 | D:4      | Reached XP level 8. HP: 58/58 MP: 14/14
  5463 | D:4      | Noticed Edmund
  5488 | D:4      | Killed Edmund
  5715 | D:5      | Reached skill level 5 in Stealth
  6083 | D:5      | Reached skill level 1 in Short Blades
  6469 | D:6      | Reached skill level 5 in Spellcasting
  6490 | D:5      | Reached skill level 5 in Dodging
  6929 | D:6      | Gained mutation: You are robust. (+10% HP) [demonic
                  | ancestry]
  6929 | D:6      | Reached XP level 9. HP: 59/72 MP: 8/16
  7039 | D:6      | Learned a level 2 spell: Scorch
  7155 | D:7      | Reached skill level 1 in Fire Magic
  8358 | D:7      | Reached skill level 5 in Fire Magic
  8434 | D:7      | Found a sacrificial altar of Ru.
  8518 | D:7      | Found a staircase to the Ecumenical Temple.
  8528 | Temple   | Entered the Ecumenical Temple
  8559 | Temple   | Became a worshipper of Gozag Ym Sagoz the Greedy
  9434 | D:8      | Reached skill level 5 in Fighting
  9813 | D:8      | Gained mutation: You sometimes gain a little power by
                  | taking damage. [demonic ancestry]
  9813 | D:8      | Reached XP level 10. HP: 78/81 MP: 10/18
  9920 | D:8      | Found a broken altar of Ashenzari.
  9949 | D:8      | Found a hide-covered altar of Uskayaw.
 10139 | D:9      | Found a flagged portal.
 10178 | Bailey   | Entered a bailey
 10187 | Bailey   | Learned a level 3 spell: Summon Ice Beast
 10404 | Bailey   | Reached skill level 1 in Summonings
 10527 | Bailey   | Noticed an orc knight
 10543 | Bailey   | Killed an orc knight
 10544 | Bailey   | Reached skill level 2 in Summonings
 10761 | Bailey   | Found a bloodstained altar of Trog.
 11219 | D:9      | Noticed a two-headed ogre
 11480 | D:9      | Noticed a two-headed ogre
 11485 | D:9      | Paralysed by a hornet for 1 turns
 11491 | D:9      | Killed a two-headed ogre
 11492 | D:9      | Reached skill level 3 in Summonings
 11994 | D:9      | Noticed a two-headed ogre
 12003 | D:9      | Killed a two-headed ogre
 12045 | D:9      | Gained mutation: When seriously injured, your blood forms
                  | thick armour. (AC +9) [demonic ancestry]
 12045 | D:9      | Reached XP level 11. HP: 89/89 MP: 10/21
 12070 | D:9      | Killed a two-headed ogre
 12447 | D:10     | Entered Level 10 of the Dungeon
 12464 | D:10     | Noticed a lich
 12464 | D:10     | Noticed audacious124's ghost (novice MiFi)
 12471 | D:10     | Noticed a necromancer
 12472 | D:10     | Noticed a centaur warrior
 12476 | D:10     | Noticed a skeletal warrior
 12566 | D:10     | Reached skill level 4 in Summonings
 13032 | D:10     | Found a bloodstained altar of Trog.
 13182 | D:10     | Found a runed translucent door.
 13198 | D:10     | Found a staircase to the Orcish Mines.
 13198 | D:10     | Found a runed translucent door.
 13396 | D:10     | Identified a scroll of acquirement
 13396 | D:10     | Acquired a +4 quick blade of flaming
 13744 | D:11     | Noticed a white ugly thing
 13755 | D:11     | Killed a white ugly thing
 14051 | D:11     | Reached skill level 1 in Throwing
 14271 | D:11     | Found a staircase to the Lair.
 14597 | D:11     | Noticed a boulder beetle
 14628 | D:11     | Killed a boulder beetle
 15008 | D:12     | Noticed a two-headed ogre
 15015 | D:12     | Killed a two-headed ogre
 15016 | D:12     | Reached skill level 5 in Throwing
 15177 | D:12     | Noticed a skeletal warrior
 15177 | D:12     | Noticed a skeletal warrior
 15181 | D:12     | Noticed a skeletal warrior
 15329 | Lair:1   | Entered Level 1 of the Lair of Beasts
 15485 | Lair:1   | Reached skill level 5 in Summonings
 15627 | Lair:1   | Reached XP level 12. HP: 85/97 MP: 20/23
 16270 | Lair:1   | Identified the +0 ring mail of Pathos {-Cast rPois rN+
                  | Slay+6}
 16322 | Lair:2   | Reached skill level 5 in Short Blades
 16450 | Lair:2   | Found a staircase to the Shoals.
 16772 | Lair:2   | Noticed a five-headed hydra
 16780 | Lair:2   | Killed a five-headed hydra
 17081 | Lair:2   | Reached skill level 6 in Summonings
 17578 | Lair:3   | Noticed an eight-headed hydra
 17585 | Lair:3   | Killed an eight-headed hydra
 17732 | Lair:3   | Gained mutation: You sometimes gain power by taking damage.
                  | [demonic ancestry]
 17732 | Lair:3   | Reached XP level 13. HP: 107/107 MP: 12/25
 17969 | Lair:3   | Found a hole to the Spider Nest.
 18190 | Lair:3   | Noticed ezpacito's ghost (journeyman DsCK)
 18201 | Lair:3   | Found a transporter.
 18205 | Lair:3   | Found a transporter.
 19468 | Lair:4   | Reached skill level 10 in Dodging
 19721 | Lair:4   | Reached skill level 7 in Summonings
 21300 | Lair:5   | Entered Level 5 of the Lair of Beasts
 21496 | Lair:5   | Reached XP level 14. HP: 118/118 MP: 9/27
 21648 | Lair:5   | Reached skill level 10 in Ice Magic
 22568 | Lair:5   | Reached skill level 8 in Summonings
 22654 | Lair:5   | Found a staircase to the Slime Pits.
 22654 | Lair:5   | Found a viscous altar of Jiyva.
 23508 | Lair:5   | Noticed Josephine
 23528 | Lair:5   | Killed Josephine
 23529 | Lair:5   | Reached skill level 10 in Stealth
 24038 | Orc:1    | Entered Level 1 of the Orcish Mines
 24654 | Orc:2    | Entered Level 2 of the Orcish Mines
 24654 | Orc:2    | Found a staircase to the Elven Halls.
 24677 | Orc:1    | Reached skill level 10 in Spellcasting
 25052 | Orc:2    | Noticed an orc warlord
 25386 | Orc:1    | Killed an orc warlord
 26467 | Orc:2    | Found Baituos's Book Emporium.
 26478 | Orc:2    | Bought a Fen Folio for 630 gold pieces
 26484 | Orc:2    | Learned a level 5 spell: Summon Forest
 26655 | Orc:2    | Reached skill level 10 in Fighting
 27070 | Orc:2    | Found Goyream's General Store.
 27078 | Orc:2    | Bought a potion of enlightenment for 80 gold pieces
 27078 | Orc:2    | Bought a scroll of summoning for 152 gold pieces
 27078 | Orc:2    | Bought a scroll of identify for 32 gold pieces
 27199 | Orc:2    | Paralysed by an orc sorcerer for 5 turns
 27206 | Orc:2    | Reached skill level 1 in Translocations
 27348 | Orc:2    | Found Muibut's Antique Weapon Shoppe.
 27411 | Orc:2    | Paralysed by an orc sorcerer for 5 turns
 27600 | Orc:2    | Found Judu's Antique Armour Shop.
 27626 | Orc:2    | Reached XP level 15. HP: 91/119 MP: 25/29
 28541 | D:12     | Reached skill level 9 in Summonings
 29206 | D:12     | Noticed Nergalle
 29213 | D:12     | Killed Nergalle
 30153 | D:13     | Found a portal to a secret trove of treasure.
 30161 | D:13     | Found Kyil Iwn's Distillery.
 30204 | D:13     | Found a transporter.
 30207 | D:13     | Found a transporter.
 30211 | D:13     | Found a transporter.
 32232 | D:13     | Found a transporter.
 32570 | D:14     | Found the +10 morningstar "Eos" {elec, Halo rElec}
 33079 | D:14     | Upgraded the game from 0.32-a0-411-g744942f433 to
                  | 0.32-a0-422-g28b100f618
 33086 | D:15     | Entered Level 15 of the Dungeon
 33213 | D:15     | Learned a level 4 spell: Martyr's Knell
 33220 | D:15     | Learned a level 6 spell: Summon Cactus Giant
 33530 | D:14     | Found a gate to the Vaults.
 33775 | D:15     | Reached skill level 10 in Summonings
 33958 | D:15     | Acquired the ring "Ybbiolua" {Will+ Str+3}
 34310 | D:15     | Found a staircase to the Depths.
 34887 | D:15     | Noticed Agnes
 34895 | D:15     | Killed Agnes
 34896 | D:15     | Reached skill level 5 in Translocations
 35317 | D:15     | Learned a level 7 spell: Summon Hydra
 35761 | Spider:1 | Entered Level 1 of the Spider Nest
 36454 | Spider:1 | Noticed an emperor scorpion
 36481 | Spider:1 | Killed an emperor scorpion
 36482 | Spider:1 | Gained mutation: You are very robust. (+20% HP) [demonic
                  | ancestry]
 36482 | Spider:1 | Reached XP level 16. HP: 43/148 MP: 28/31
 37080 | Spider:1 | HP: 3/148 [demonic crawler (10)]
 37290 | Spider:1 | Reached skill level 11 in Summonings
 39248 | Spider:2 | Reached skill level 12 in Summonings
 41362 | Spider:3 | Reached skill level 13 in Summonings
 41387 | Spider:3 | Learned a level 2 spell: Blink
 42363 | Spider:3 | Gained mutation: You are mostly covered in sharp spines.
                  | [demonic ancestry]
 42363 | Spider:3 | Reached XP level 17. HP: 156/156 MP: 5/34
 43551 | Spider:3 | Reached skill level 14 in Summonings
 44897 | D:10     | Bought the +1 ring mail "Gygyun" {Int+7} for 337 gold
                  | pieces
 45159 | Spider:3 | Learned a level 4 spell: Iskenderun's Mystic Blast
 45241 | Spider:4 | Entered Level 4 of the Spider Nest
 46457 | Spider:4 | Reached skill level 15 in Summonings
 46815 | Spider:4 | Noticed Arachne
 46831 | Spider:4 | Killed Arachne
 47912 | Spider:4 | Got a gossamer rune of Zot
 49388 | Shoals:1 | Entered Level 1 of the Shoals
 49409 | Shoals:1 | Found Voaluoq's Assorted Antiques.
 49414 | Shoals:1 | Bought a scroll of enchant weapon for 210 gold pieces
 49594 | Shoals:1 | Reached XP level 18. HP: 105/163 MP: 6/36
 50003 | Shoals:1 | Learned a level 5 spell: Freezing Cloud
 50676 | Shoals:2 | Reached skill level 1 in Conjurations
 50747 | Shoals:2 | Noticed Jorgrun
 50756 | Shoals:2 | Killed Jorgrun
 50973 | Shoals:2 | Reached skill level 16 in Summonings
 51541 | Shoals:2 | Found a runed translucent door.
 51649 | Shoals:2 | Found a corrupted altar of Lugonu.
 51649 | Shoals:2 | Found a one-way gate to the infinite horrors of the Abyss.
 52196 | Shoals:3 | Noticed Bai Suzhen
 52206 | Shoals:3 | Killed Bai Suzhen
 52747 | Shoals:3 | Found Uwuarphib's Antique Weapon Emporium.
 53447 | Shoals:3 | Noticed Ilsuiw
 53455 | Shoals:3 | Killed Ilsuiw
 53456 | Shoals:3 | Reached skill level 1 in Maces & Flails
 53456 | Shoals:3 | Reached skill level 1 in Air Magic
 54144 | Shoals:3 | Noticed Polyphemus
 54168 | Shoals:3 | Killed Polyphemus
 54171 | Shoals:3 | Identified the +0 robe of the Distant Future {Harm rN+
                  | Str-5}
 54649 | Shoals:4 | Entered Level 4 of the Shoals
 55354 | Shoals:4 | Noticed Mara
 55382 | Shoals:4 | Noticed croobank's illusion
 55383 | Shoals:4 | Killed Mara
 55384 | Shoals:4 | Reached skill level 5 in Conjurations
 55646 | Shoals:4 | Found Fesyepey's Weapon Boutique.
 56398 | Shoals:4 | Got the Precepts of Correspondence and Hurting
 56732 | Shoals:4 | Identified the +2 robe of the Shoals {Str+3}
 57384 | Shoals:4 | Got a barnacled rune of Zot
 57729 | Lair:2   | Bought a scroll of teleportation for 51 gold pieces
 57957 | Vaults:1 | Entered Level 1 of the Vaults
 58081 | Vaults:1 | Reached XP level 19. HP: 47/170 MP: 6/37
 58681 | Vaults:1 | Shot with a bolt by a yaktaur captain

Illustrated notes

Levels and vault maps discovered:
D:1:      ncdulo_wetmaze, layout_basic, fountainhead
D:2:      layout_rooms, basic_altar, serial_shops, shop_statue,
          serial_co_window_serial, co_window_corner_a, co_window_paths_a,
          co_window_paths_b, co_window_corner_a, co_window_paths_a,
          co_window_corner_a, co_window_corner_a, co_window_corner_a,
          co_window_of_opportunity_a, co_window_of_opportunity_b,
          co_window_broadway_a, co_window_unsneaky_path_c, co_window_corner_b,
          co_window_paths_c, co_window_corner_ca, co_window_4corner_b,
          co_window_sun, glass_columns_b, glass_columns_c, glass_columns_c
D:3:      layout_basic, nicolae_tso_carved_into_rock,
          chequers_temple_overflow_statue_of_worship
D:4:      layout_loops_cross, uniq_sigmund, uniq_menkaure, uniq_edmund
D:5:      layout_basic, hangedman_abyss_or_decor_stabs, reono_crystal_passage
D:6:      layout_cave_pods
D:7:      layout_rooms, nicolae_ru_awakened_eye, temple_green
D:8:      cheibrodos_steamvent, layout_basic, mainiacjoe_overflow_two_lobes,
          minmay_fire_ice_demons
D:9:      layout_roguey, enter_bailey_5
D:10:     layout_basic, mainiacjoe_overflow_24_doors, orc_0_dummy,
          muffindrake_ghost_dual_entry, eino_jars
D:11:     layout_roguey, erik_lair_dragon, dk_noncrumbling_4, dk_noncrumbling_2
D:12:     layout_cave_pools, uniq_nergalle
D:13:     layout_basic, enter_trove_0, serial_shops, shop,
          nicolae_transporter_circle
D:14:     layout_rooms, david_vaults_5, serial_bayou_pond_a
D:15:     hangedman_depths_entry_try_elsewhere_first, layout_irregular_city,
          minmay_crystal_room, kb_tengu_band, uniq_agnes
Temple:   hellmonk_temple_of_storms
Lair:1:   layout_regular_city, lemuel_fruit_tree
Lair:2:   layout_regular_city, nicolae_shoals_entry_roost
Lair:3:   layout_cave_pods, hellmonk_spider_entry_life_and_decay,
          gammafunk_ghost_hive, infiniplex_staircase_pool_2
Lair:4:   layout_roguey [special_room_mythical_zoo], portal_ice_cave_entry_imps,
          chequers_serial_rivers_micro_b, lookout_lair_type,
          lemuel_fruit_fields, lemuel_fruit_fields
Lair:5:   minmay_lair_end_frog_pond, layout_gridlike, slime_entry_1,
          nicolae_lair_lindhole, infiniplex_staircase_pool, uniq_josephine
Shoals:1: layout_shoals, serial_shops, nicolae_shop_hallway_stairs
Shoals:2: layout_shoals, nicolae_shoals_abyss_on_the_beach, uniq_jorgrun
Shoals:3: layout_shoals, serial_shops, shop, nicolae_shoals_hunting_party,
          uniq_ilsuiw, uniq_bai_suzhen, uniq_polyphemus
Shoals:4: shoals_end_grunt_ice, layout_shoals, serial_shops,
          nicolae_shop_bloodbath_and_beyond, uniq_mara
Spider:1: layout_spider_delve
Spider:2: layout_spider_delve, nicolae_spider_not_touching_you
Spider:3: nicolae_spider_brood_tunnel, spiders_nest_ghost_moth_duel
Spider:4: johnstein_spider_rune_arachne_lair
Orc:1:    layout_caves, mines5_lemuel
Orc:2:    grunt_orc_gardens, layout_caves, grunt_orc_garden, grunt_orc_garden,
          grunt_orc_garden, grunt_orc_garden, mines4_lemuel
Vaults:1: nicolae_vaults_closet_pinwheel_6, ontoclasm_vaults_decontamination,
          v_misc_26, hangedman_vaults_river_flow, v_misc_15,
          nicolae_vaults_tangram_1, v_alt_pattern_1,
          vaults_room_grunt_arrival_checkpoint, nicolae_vaults_cornered_office,
          nicolae_vaults_windows_and_doors_thing, vaults_dpeg_emergency_exit,
          nicolae_vaults_tetromino_Z_2, layout_vaults_omnibox, uniq_saint_roka

Skill      XL: |  1  2  3  4  5  6  7  8  9 10 11 12 13 14 15 16 17 18 |
---------------+-------------------------------------------------------+-----
Dodging        | 2 3 4 5 6 7 9 10 12 14 | 14.2
Stealth        | 2 3 4 5 6 7 8 9 10 | 10.0
Ice Magic      | 4 5 6 7 8 9 10 11 12 | 12.2
Fighting       | 1 2 3 4 5 6 7 9 10 | 10.8
Spellcasting   | 3 4 5 7 8 9 10 11 13 14 | 14.0
Short Blades   | 1 2 3 4 5 7 8 9 |  9.0
Fire Magic     | 5 |  5.0
Summonings     | 3 5 6 7 8 10 13 15 16 | 16.0
Throwing       | 5 |  5.0
Translocations | 1 5 8 9 |  9.3
Conjurations   | 5 |  5.0
Maces & Flails | 4 |  4.6
Air Magic      | 4 |  4.7

Action                     |  1- 3 |  4- 6 |  7- 9 | 10-12 | 13-15 | 16-18 | 19-21 || total
---------------------------+-------+-------+-------+-------+-------+-------+-------++-------
  Melee: Short sword       |    40 |    66 |    25 |       |       |       |       ||   131
         Tailslap          |     3 |     9 |    32 |    59 |   188 |    98 |     5 ||   394
         Dagger            |       |       |   158 |    95 |   369 |    25 |       ||   647
         Quick blade       |       |       |       |   189 |   446 |   136 |       ||   771
         Morningstar       |       |       |       |       |    10 |    76 |    12 ||    98
         Staff             |       |       |       |       |     6 |   160 |       ||   166
   Fire: Arbalest          |       |       |       |       |   171 |     5 |       ||   176
  Throw: Boomerang         |       |       |       |    34 |       |       |       ||    34
         Dart              |       |       |       |    31 |    15 |       |       ||    46
         Throwing net      |       |       |       |     1 |       |       |       ||     1
   Cast: Freeze            |    21 |     2 |     3 |       |       |       |       ||    26
         Frozen Ramparts   |     8 |    14 |    46 |    54 |    91 |     1 |       ||   214
         Ozocubu's Armour  |       |     7 |    35 |    45 |    95 |     1 |       ||   183
         Scorch            |       |       |    11 |   108 |   406 |    13 |       ||   538
         Summon Ice Beast  |       |       |       |     7 |    15 |     1 |       ||    23
         Summon Cactus Gia |       |       |       |       |    13 |    91 |     2 ||   106
         Martyr's Knell    |       |       |       |       |    13 |    45 |       ||    58
         Summon Forest     |       |       |       |       |    12 |    47 |     1 ||    60
         Summon Hydra      |       |       |       |       |       |   218 |     7 ||   225
         Freezing Cloud    |       |       |       |       |       |     2 |     1 ||     3
 Invoke: Call Merchant     |       |       |       |       |     1 |     2 |       ||     3
         Potion Petition   |       |       |       |       |       |     1 |     2 ||     3
  Evoke: Phantom mirror    |       |       |       |     1 |     2 |     1 |       ||     4
         Wand              |       |       |       |     1 |     7 |     9 |     1 ||    18
         Lightning rod     |       |       |       |       |       |     6 |       ||     6
         Condenser vane    |       |       |       |       |       |     2 |       ||     2
    Use: Potion            |     1 |     2 |       |       |     2 |    13 |       ||    18
         Scroll            |       |       |       |    24 |    14 |    29 |       ||    67
   Stab: Sleeping          |     6 |     5 |    12 |    15 |    14 |     4 |       ||    56
         Distracted        |     1 |       |       |     4 |     6 |     7 |       ||    18
         Held in net/web   |       |       |       |     1 |       |       |       ||     1
         Petrified         |       |       |       |       |       |     3 |       ||     3
         Petrifying        |       |       |       |       |       |     1 |       ||     1
 Armour: Robe              |    26 |    12 |       |       |       |       |       ||    38
         Troll leather arm |       |    57 |   149 |   182 |   650 |   361 |       ||  1399
         Ring mail         |       |       |       |       |       |   242 |    20 ||   262
  Dodge: Dodged            |    26 |    68 |   127 |   237 |   797 |   572 |    16 ||  1843

Table legend: (Time is in decaauts)
 A = Elapsed time spent in this place.
 B = Non-inter-level travel time spent in this place.
 C = Inter-level travel time spent in this place.
 D = Time resting spent in this place.
 E = Time spent auto-exploring this place.
 F = Levels seen in this place.
 G = Mean time per level.
                   A        B        C        D        E       F      G
               +--------+--------+--------+--------+--------+-----+--------+
         Total |  58820 |  55881 |   2939 |  18691 |  25344 |  33 | 1782.4 |
       Dungeon |  22986 |  21285 |   1701 |   6299 |  11126 |  15 | 1532.4 |
        Temple |     42 |     31 |     11 |      0 |      0 |   1 |   42.0 |
          Lair |   9397 |   8876 |    521 |   1578 |   5364 |   5 | 1879.4 |
        Shoals |   8338 |   8169 |    169 |   2236 |   4456 |   4 | 2084.5 |
   Spider Nest |  12789 |  12377 |    412 |   6174 |   3111 |   4 | 3197.2 |
  Orcish Mines |   4027 |   3905 |    122 |   1809 |   1103 |   2 | 2013.5 |
        Vaults |    353 |    353 |      0 |     66 |    155 |   1 |  353.0 |
        Bailey |    885 |    885 |      0 |    528 |     28 |   1 |  885.0 |
               +--------+--------+--------+--------+--------+-----+--------+

Top non-repeatable levels by time:
Spider:4: 4009 daAuts
Spider:3: 3819 daAuts
Shoals:4: 2752 daAuts
Spider:2: 2548 daAuts
   Orc:1: 2542 daAuts
Shoals:3: 2430 daAuts
    D:13: 2428 daAuts
  Lair:5: 2427 daAuts
  Lair:4: 2417 daAuts
Spider:1: 2411 daAuts
    D:11: 2409 daAuts
  Lair:3: 2073 daAuts
    D:12: 1990 daAuts
Shoals:2: 1842 daAuts
    D:15: 1747 daAuts
